 Dungeon Crawl Stone Soup version 0.24-a0-525-g9231cdc (webtiles) character file.

Game seed: 4077309268179006107

3348 pkoi the Carver (level 10, -1/76 HPs)
             Began as a Formicid Fighter on Aug 1, 2019.
             Was a Believer of Dithmenos.
             Killed from afar by a starcursed mass (7 damage)
             ... with an accursed screaming
             ... on level 2 of the Abyss.
             The game lasted 00:09:57 (8846 turns).

pkoi the Carver (Formicid Fighter)                  Turns: 8846, Time: 00:09:57

Health: -1/76      AC:  9    Str: 29    XL:     10   Next: 22%
Magic:  0/10       EV:  9    Int:  8    God:    Dithmenos [**....]
Gold:   419        SH: 13    Dex: 17    Spells: 9/9 levels left

rFire    . . .     SeeInvis +   F - +10 halberd "Spiderslayer" {vamp, MR- Dex+7 Stlth+}
rCold    . . .     Gourm    .   c - +1 shield
rNeg     . . .     Faith    .   b - +0 scale mail
rPois    +         Spirit   +   (helmet unavailable)
rElec    .         Reflect  .   e - +1 cloak {MR+}
rCorr    .         Harm     .   (no gloves)
MR       +....                  (no boots)
Stlth    ++++......             C - amulet of guardian spirit
HPRegen  0.22/turn              s - +5 ring of strength
MPRegen  0.12/turn              w - ring of poison resistance

@: wreathed by umbra
A: permanent stasis, dig shafts and tunnels, four strong arms, antennae 3
a: Dig, Shaft Self, Shadow Step, Renounce Religion


You were on level 2 of the Abyss.
You worshipped Dithmenos.
Dithmenos was pleased with you.
You were hungry.

You visited 2 branches of the dungeon, and saw 10 of its levels.
You visited the Abyss 1 time.

You collected 419 gold pieces.

Inventory:

Hand Weapons
 a - a +0 long sword
 g - a +0 long sword
 p - a +6 spear
 x - a +0 dagger of electrocution
 F - the +10 halberd "Spiderslayer" (weapon) {vamp, MR- Dex+7 Stlth+}
   (You found it on level 6 of the Dungeon)

   It inflicts no extra harm, but heals its wielder when it wounds a living foe.
   It affects your dexterity (+7).
   It affects your resistance to hostile enchantments.
   It makes you more stealthy.
Armour
 b - a +0 scale mail (worn)
 c - a +1 shield (worn)
 e - a +1 cloak of magic resistance (worn)
Jewellery
 i - an uncursed ring of ice
 s - a +5 ring of strength (left hand)
 v - an uncursed ring of positive energy
 w - a ring of poison resistance (right hand)
 B - an uncursed ring of fire
 C - an amulet of guardian spirit (around neck)
 K - an uncursed amulet of faith
Wands
 m - a wand of scattershot (9)
 n - a wand of flame (17)
 r - a wand of random effects (42)
 y - a wand of paralysis (7)
 D - a wand of acid (6)
 H - a wand of polymorph (6)
 N - a wand of disintegration (5)
Scrolls
 h - 2 scrolls of enchant armour
 k - a scroll of magic mapping
 l - 3 scrolls of identify
 E - 3 scrolls of remove curse
 J - 3 scrolls of amnesia
Potions
 d - 3 potions of might
 j - a potion of lignification
 q - 3 potions of flight {unknown}
 t - 2 potions of degeneration {unknown}
 u - 2 potions of berserk rage
 z - a potion of magic
 A - a potion of agility
 G - a potion of brilliance
 L - a potion of curing
 M - a potion of resistance {unknown}
Comestibles
 f - 15 rations


   Skills:
 + Level 6.1 Fighting
 + Level 10.3 Long Blades
 + Level 6.1 Armour
 + Level 6.0 Stealth
 + Level 6.7 Shields


You had 9 spell levels left.
You didn't know any spells.
Your spell library contained the following spells:

 Spells                   Type           Power        Failure   Level  Hunger
 Animate Skeleton         Necr           N/A          82%         1    ##.....
 Pain                     Necr           #...         82%         1    ##.....
 Shock                    Conj/Air       #...         82%         1    ##.....
 Swiftness                Chrm/Air       #.......     91%         2    ###....
 Regeneration             Chrm/Necr      #.........   99%         3    ####...
 Static Discharge         Conj/Air       #.......     99%         3    ####...
 Vampiric Draining        Necr           #.........   99%         3    ####...
 Airstrike                Air            #.........   100%        4    #####..
 Animate Dead             Necr           N/A          100%        4    #####..
 Lightning Bolt           Conj/Air       #.........   100%        5    ######.


Dungeon Overview and Level Annotations

Branches:
Dungeon (9/15)             Temple (1/1) D:6
   Lair: D:8-11         Orc: D:9-12

Altars:
Ashenzari
Cheibriados
Dithmenos
Elyvilon
Fedhas
Gozag
Hepliaklqana
Kikubaaqudgha
Makhleb
Nemelex Xobeh
Okawaru
Qazlal
Ru
Sif Muna
Trog
Uskayaw
Vehumet
Wu Jian
Xom
Yredelemnul
Zin
The Shining One

Annotations:
D:8 3 runed translucent doors, 2FriedEggs's ghost, novice MiFi
D:9 Erolcha


Innate Abilities, Weirdness & Mutations

You cannot be hasted, slowed, berserked, paralysed or teleported.
You can dig through walls and to a lower floor.
Your four strong arms can wield two-handed weapons with a shield.
You have a pair of large antennae on your head. (SInv)


Message History

A chorus of shrieks assaults your mind.
* * * LOW HITPOINT WARNING * * *
A chorus of shrieks assaults your mind.
* * * LOW HITPOINT WARNING * * *
Tentacles burst from the starspawn's body! 2 starspawn tentacles come into view.
A chorus of shrieks assaults your mind.
* * * LOW HITPOINT WARNING * * *
You block the starspawn tentacle's attack.
The starcursed mass shrieks in your mind.
* * * LOW HITPOINT WARNING * * *
A starcursed mass splits.
A chorus of shrieks assaults your mind.
* * * LOW HITPOINT WARNING * * *
A starcursed mass splits.
A starcursed mass splits.
A chorus of shrieks assaults your mind.
* * * LOW HITPOINT WARNING * * *
A chorus of shrieks assaults your mind.
You die...

##.#.#....
#....#.##.. #..{.#
.#. # ##..──..[.#
.... ─.{>.###
#/..#{### ###
###w#│ #{#
#..####.#.#..{#..#
#@...XX.#..#.#.#
###.##..XXX#####
#...##.####
...#.#### #... #.
# .. ## #..# ...


You could see 3 starcursed masses.

Vanquished Creatures
  Grinder (D:4)
  A hippogriff (D:7)
  Sigmund (D:5)
  A water moccasin (D:7)
  2 ice beasts
  An orc warrior (D:6)
  3 ogres
  A phantom (D:4)
  A sky beast (D:8)
  A black bear (D:8)
  3 centaurs
  A big kobold (D:8)
  A small abomination (Abyss:2)
  3 bullfrogs
  A scorpion (D:7)
  A howler monkey (D:8)
  8 crimson imps
  A starcursed mass (Abyss:2)
  5 hounds
  A bullfrog skeleton (D:8)
  Crazy Yiuf (D:4)
  2 orc priests (D:7)
  Ijyb (D:4)
  4 worker ants
  Natasha (thrice) (D:4)
  5 orc wizards
  A killer bee zombie (D:8)
  3 hound skeletons (D:8)
  A worker ant zombie (D:7)
  Robin (D:3)
  9 gnolls
  3 adders
  A shadow imp (D:8)
  2 oozes
  An adder skeleton (D:7)
  2 worms
  2 dart slugs
  4 leopard geckos
  23 orcs
  3 ball pythons
  6 giant cockroaches
  11 goblins
  9 hobgoblins
  12 jackals
  4 quokkas
  5 bats
  5 frilled lizards
  13 kobolds
  A leopard gecko skeleton (D:4)
  A quokka skeleton (D:6)
  4 rats
181 creatures vanquished.

Vanquished Creatures (others)
  A plant (D:8)
  8 starspawn tentacles (Abyss:2)
9 creatures vanquished.

Grand Total: 190 creatures vanquished

Notes
Turn   | Place    | Note
-------+----------+-------------------------------------------
     0 | D:1      | pkoi the Formicid Fighter began the quest for the Orb.
     0 | D:1      | Reached XP level 1. HP: 18/18 MP: 1/1
   102 | D:1      | Reached skill level 3 in Long Blades
   102 | D:1      | Reached XP level 2. HP: 16/24 MP: 2/2
   388 | D:1      | Reached XP level 3. HP: 28/29 MP: 3/3
  1026 | D:2      | Found a radiant altar of Vehumet.
  1233 | D:2      | Reached skill level 4 in Long Blades
  1233 | D:2      | Reached XP level 4. HP: 27/35 MP: 4/4
  2419 | D:2      | Reached XP level 5. HP: 19/41 MP: 5/5
  2760 | D:3      | Reached skill level 5 in Long Blades
  2762 | D:3      | Noticed Robin
  2801 | D:3      | Killed Robin
  3228 | D:3      | Reached XP level 6. HP: 47/47 MP: 6/6
  3534 | D:4      | Noticed a phantom
  3567 | D:4      | Reached skill level 6 in Long Blades
  3578 | D:4      | HP: 2/70 [phantom (6)]
  3590 | D:4      | Killed a phantom
  3912 | D:4      | Noticed Ijyb
  3926 | D:4      | Killed Ijyb
  3926 | D:4      | Reached XP level 7. HP: 32/52 MP: 7/7
  3936 | D:4      | Reached skill level 7 in Long Blades
  4172 | D:4      | Noticed Natasha
  4182 | D:4      | Killed Natasha
  4320 | D:4      | Noticed Grinder
  4341 | D:4      | Killed Grinder
  4341 | D:4      | Reached skill level 8 in Long Blades
  4358 | D:4      | Noticed Natasha
  4367 | D:4      | Killed Natasha
  4427 | D:4      | Noticed Natasha
  4684 | D:4      | Killed Natasha
  4983 | D:4      | Found a runed translucent door.
  4988 | D:4      | Noticed Crazy Yiuf
  4996 | D:4      | Killed Crazy Yiuf
  5174 | D:5      | Entered Level 5 of the Dungeon
  5191 | D:5      | Reached XP level 8. HP: 30/58 MP: 8/8
  5471 | D:5      | You fall into a shaft and drop 1 floor!
  5718 | D:6      | Got a pitted halberd
  5719 | D:6      | Identified the +10 halberd "Spiderslayer" {vamp, MR- Dex+7
                  | Stlth+} (You found it on level 6 of the Dungeon)
  5771 | D:6      | Found a staircase to the Ecumenical Temple.
  5790 | D:6      | Reached skill level 9 in Long Blades
  5794 | Temple   | Entered the Ecumenical Temple
  5898 | Temple   | Became a worshipper of Dithmenos the Shadowed
  6064 | D:6      | Reached skill level 1 in Stealth
  6193 | D:6      | HP: 2/58 [orc warrior/+3 halberd of venom (7)]
  6948 | D:7      | Reached XP level 9. HP: 65/65 MP: 9/9
  6967 | D:7      | Reached * piety under Dithmenos
  7032 | D:5      | Noticed Sigmund
  7042 | D:5      | Killed Sigmund
  7042 | D:5      | Reached skill level 5 in Shields
  7489 | D:7      | Noticed a hippogriff
  7503 | D:7      | Killed a hippogriff
  7513 | D:7      | Reached skill level 5 in Fighting
  7513 | D:7      | Reached skill level 5 in Armour
  7839 | D:7      | Reached skill level 10 in Long Blades
  7946 | D:7      | Reached skill level 5 in Stealth
  7992 | D:7      | Reached ** piety under Dithmenos
  8139 | D:8      | Found a runed translucent gate.
  8139 | D:8      | Found a runed translucent gate.
  8139 | D:8      | Found a runed translucent gate.
  8140 | D:8      | Noticed 2FriedEggs's ghost (novice MiFi)
  8140 | D:8      | Noticed a ten-headed hydra
  8190 | D:8      | Reached XP level 10. HP: 66/76 MP: 7/10
  8614 | D:9      | Noticed Erolcha
  8618 | D:9      | Cast into level 2 of the Abyss (Erolcha)
  8811 | Abyss:2  | Noticed a tentacled starspawn
  8815 | Abyss:2  | Noticed a starcursed mass
  8846 | Abyss:2  | Killed from afar by a starcursed mass

Levels and vault maps discovered:
D:1:      sevenhm_arrival_forest_fort_large_4, layout_loops_ring
D:2:      layout_basic, lemuel_coloured_pillars_altar, first_ration,
          kennysheep_generic_room_15
D:3:      layout_loops_corners, uniq_robin
D:4:      layout_rooms, serial_rivers, chequers_serial_rivers_micro_a,
          chequers_serial_rivers_room_b, chequers_serial_rivers_marsh,
          chequers_serial_rivers_micro_e, chequers_serial_rivers_large_b,
          chequers_decorated_corner, uniq_grinder, uniq_natasha, uniq_ijyb,
          uniq_crazy_yiuf_cottage
D:5:      layout_loops_ring, uniq_sigmund
D:6:      layout_basic, minmay_temple_entry_mist, lightli_minifort
D:7:      layout_basic, kennysheep_generic_room_13
D:8:      layout_rooms, gammafunk_ghost_hydra_chop
D:9:      layout_roguey, uniq_erolcha
Temple:   kilobyte_greek_temple
Abyss:2

Skill      XL: |  1  2  3  4  5  6  7  8  9 10 |
---------------+-------------------------------+-----
Long Blades    | 3 4 5 6 8 9 10 | 10.3
Stealth        | 2 5 6 |  6.0
Shields        | 4 6 |  6.7
Fighting       | 4 5 6 |  6.1
Armour         | 4 5 6 |  6.1

Action                   |  1- 3 |  4- 6 |  7- 9 | 10-12 || total
-------------------------+-------+-------+-------+-------++-------
Melee: Long sword        |    61 |    51 |       |       ||   112
       Spear             |       |   121 |    24 |       ||   145
       Dagger            |       |       |    89 |       ||    89
       Halberd           |       |       |   183 |    49 ||   232
 Abil: Dig               |       |     6 |     2 |       ||     8
  Use: Potion            |       |     3 |     1 |       ||     4
       Scroll            |       |       |    16 |     1 ||    17
 Stab: Sleeping          |       |       |     7 |     4 ||    11
       Distracted        |       |       |     2 |     1 ||     3
  Eat: Chunk             |     1 |     9 |    14 |     2 ||    26
Armor: Scale mail        |    30 |    35 |    78 |    13 ||   156
       Skin              |       |     4 |       |       ||     4
Dodge: Dodged            |    29 |    49 |    72 |    11 ||   161
Block: Shield            |    43 |    81 |   162 |    28 ||   314
       Rpst.: Long sword |    10 |     5 |       |       ||    15

Table legend:
 A = Non-vault XP
 B = Vault XP
 C = Vault XP percentage of total XP
 D = Non-vault monster count
 E = Vault monster count
 F = Vault count percentage of total count
                 A         B        C        D         E       F
            +---------+---------+-------+---------+---------+-------
      Total |    3942 |     841 |  17.6 |     161 |      20 |  11.0
            +---------+---------+-------+---------+---------+-------
        D:1 |      38 |       0 |   0.0 |      16 |       0 |   0.0
        D:2 |     105 |       0 |   0.0 |      26 |       0 |   0.0
        D:3 |      95 |      35 |  26.9 |      19 |      11 |  36.7
        D:4 |     345 |     386 |  52.8 |      14 |       4 |  22.2
        D:5 |     226 |     231 |  50.5 |      11 |       1 |   8.3
        D:6 |     522 |     139 |  21.0 |      20 |       3 |  13.0
        D:7 |    1411 |      50 |   3.4 |      31 |       1 |   3.1
        D:8 |    1006 |       0 |   0.0 |      21 |       0 |   0.0
        D:9 |      48 |       0 |   0.0 |       1 |       0 |   0.0
    Abyss:2 |     146 |       0 |   0.0 |       2 |       0 |   0.0
            +---------+---------+-------+---------+---------+-------
